 Dungeon Crawl Stone Soup version 0.20-a0-1018-ge435b50 (webtiles) character file.

58497 Jojotehhead the Severer (level 14, -3/90 HPs)
             Began as a Gargoyle Fighter on Apr 17, 2017.
             Was the Champion of Qazlal.
             Killed by divine providence
             ... invoked by an orc priest
              (15 damage)
             ... on level 1 of the Orcish Mines.
             The game lasted 00:59:04 (14230 turns).

Jojotehhead the Severer (Gargoyle Fighter)         Turns: 14230, Time: 00:59:04

Health: -3/90      AC: 36    Str: 24    XL:     14   Next: 90%
Magic:  14/14      EV:  7    Int: 10    God:    Qazlal [******]
Gold:   979        SH:  8    Dex: 13    Spells: 13/13 levels left

rFire    . . .     SeeInvis +   O - +0 battleaxe
rCold    + + .     Gourm    .   (shield currently unavailable)
rNeg     + . .     Faith    .   W - +5 plate armour of Boredom {rCorr}
rPois    ∞         Spirit   .   (no helmet)
rElec    +         Reflect  .   F - scarf {rC+}
rCorr    +         Harm     .   B - +0 pair of gloves
MR       +....                  m - +1 pair of boots
Stlth    ..........             (no amulet)
Regen    0.3/turn               G - +4 ring of strength
MPRegen  0.2/turn               w - +3 ring of protection

@: protected from cold, very slightly contaminated, repel missiles
A: big wings, see invisible, negative energy resistance 1, electricity
resistance, unbreathing, petrification resistance, rot immunity, AC +9
a: Fly, Upheaval, Elemental Force, Disaster Area, Renounce Religion


You were on level 1 of the Orcish Mines.
You worshipped Qazlal.
Qazlal was exalted by your worship.
You were not hungry.

You visited 3 branches of the dungeon, and saw 19 of its levels.
You also visited: Sewer.

You collected 1284 gold pieces.
You spent 305 gold pieces at shops.

Inventory:

Hand Weapons
 v - a +3 war axe of freezing
 O - a +0 battleaxe (weapon)
Armour
 c - a +0 shield
 m - a +1 pair of boots (worn)
 B - a +0 pair of gloves (worn)
 F - a scarf of cold resistance (worn)
 W - the +5 plate armour of Boredom (worn) {rCorr}
   (You found it on level 3 of the Lair of Beasts)

   It protects you from acid and corrosion.
Jewellery
 w - a +3 ring of protection (right hand)
 x - an uncursed ring of protection from cold
 G - a +4 ring of strength (left hand)
Wands
 p - a wand of lightning (4/15)
 y - a wand of clouds (2/9)
 D - a wand of disintegration (12/24)
 I - a wand of confusion (18/48)
Scrolls
 a - a scroll of fear
 b - 5 scrolls of recharging
 e - 2 scrolls of fog
 i - 10 scrolls of remove curse
 j - 9 scrolls of teleportation
 k - 5 scrolls of enchant weapon
 o - 2 scrolls of enchant armour
 J - a scroll of magic mapping
 S - 3 scrolls of blinking
 U - a scroll of identify
Potions
 l - a potion of cancellation
 n - 7 potions of agility
 q - 2 potions of resistance
 r - 11 potions of curing
 t - 3 potions of brilliance
 z - 7 potions of degeneration
 A - 2 potions of haste
 C - 2 potions of ambrosia
 H - 3 potions of flight
 K - 3 potions of lignification
 M - 3 potions of invisibility
 T - 2 potions of heal wounds
Books
 d - a book of Cantrips

   Spells                             Type                      Level
   a - Confusing Touch                Hexes                        1
   b - Animate Skeleton               Necromancy                   1
   c - Summon Small Mammal            Summoning                    1
   d - Apportation                    Translocation                1
 s - a book of Necromancy

   Spells                             Type                      Level
   a - Pain                           Necromancy                   1
   b - Animate Skeleton               Necromancy                   1
   c - Vampiric Draining              Necromancy                   3
   d - Regeneration                   Charms/Necromancy            3
   e - Animate Dead                   Necromancy                   4
   f - Control Undead                 Necromancy                   4
 u - a book of Minor Magic

   Spells                             Type                      Level
   a - Magic Dart                     Conjuration                  1
   b - Blink                          Translocation                2
   c - Call Imp                       Summoning                    2
   d - Slow                           Hexes                        2
   e - Conjure Flame                  Conjuration/Fire             3
   f - Mephitic Cloud                 Conjuration/Poison/Air       3
 L - a book of Clouds

   Spells                             Type                      Level
   a - Poisonous Vapours              Poison/Air                   2
   b - Mephitic Cloud                 Conjuration/Poison/Air       3
   c - Conjure Flame                  Conjuration/Fire             3
   d - Freezing Cloud                 Conjuration/Ice/Air          6
   e - Ring of Flames                 Charms/Fire                  7
 N - a book of Transfigurations

   Spells                             Type                      Level
   a - Irradiate                      Conjuration/Transmutation    5
   b - Statue Form                    Transmutation/Earth          6
   c - Hydra Form                     Transmutation                6
   d - Dragon Form                    Transmutation                7
Miscellaneous
 P - a lightning rod (4/4)
Comestibles
 f - 9 bread rations
 g - 5 meat rations
 h - 16 royal jellies
 E - 20 fruits


   Skills:
 + Level 11.1 Fighting
 * Level 16.6 Axes
 + Level 9.9 Armour
 - Level 0.1 Dodging
 - Level 13.3 Shields


You had 13 spell levels left.
You didn't know any spells.

Dungeon Overview and Level Annotations

Branches:
Dungeon (11/15)            Temple (0/1) D:7            Lair (6/6) D:10
 Shoals (0/4) Lair:4       Spider (0/4) Lair:4        Slime (0/5) Lair:5
    Orc (2/2) D:11
    Elf: Orc:2

Altars:
Elyvilon
Fedhas
Gozag
Nemelex Xobeh
Qazlal
Ru
Xom
The Shining One

Shops:
D:4 [[[**   D:10 !

Annotations:
D:7 kiwi3s's ghost, novice MiBe
Orc:1 Harold


Innate Abilities, Weirdness & Mutations

You are resistant to torment.
Your stone body is resilient. (AC +9)
You are immune to poison.
Your large and strong wings let you fly indefinitely.
You resist negative energy. (rN+)
You are resistant to electric shocks. (rElec)
You can survive without breathing.
You are immune to petrification.
You are immune to rotting.
You have supernaturally acute eyesight. (SInv)


Message History

The hellwing hits you but does no damage.
You block the hellwing's attack.
The orc warrior hits you but does no damage.
The orc wizard hits you but does no damage.
The orc priest mumbles some strange prayers to Beogh against you.
Beogh smites you!
* * * LOW HITPOINT WARNING * * *
The orc priest begins to cast a cantrip, but forgets the words!
You closely miss the orc. You barely miss the orc priest.
You hit the hellwing but do no damage. You slash the orc wizard!
You kill the orc wizard!
Qazlal accepts your kill. You block the hellwing's attack.
The hellwing completely misses you.
The orc warrior is engulfed in blazing flames.
The orc warrior hits you but does no damage.
The orc priest calls upon Beogh to heal the orc wizard.
The orc wizard is healed somewhat.
The orc priest invokes the aid of Beogh against you.
Beogh smites you!
You die...

........... ###
##.....#.....##..#
#.................
##................#
##.#...........#... ##
#.............#.#..##.#
#.....o§.........$....
#.§.#oo$......#......
#.§4@oo(o......#....#
#$o##ooo............$
#..$..4§o.o#......#...
#......o.oo.$.....$....
#.........W..@.......##
##........$o.........#
#........>.....#......
............o.#.....#.
o...........#


You could see Harold, a hellwing, a chaos spawn, a wraith, an orc sorcerer, 4
orc warriors, 5 orc priests, 2 orc wizards and 5 orcs.

Vanquished Creatures
  Gastronok (Lair:1)
  12 hydras
  5 two-headed ogres
  7 death yaks
  An unseen horror (D:10)
  2 lindwurms (Lair:6)
  2 wolf spiders (Lair:6)
  4 oklob plants (Lair:6)
  A cyclops (D:11)
  3 elephants
  A guardian serpent (Lair:6)
  15 black mambas
  3 merfolk sirens (Lair:4)
  16 spiny frogs
  3 torpor snails
  4 rime drakes (Lair:6)
  7 komodo dragons
  A troll (D:11)
  A queen bee (D:10)
  A merfolk (Lair:4)
  4 polar bears (Lair:2)
  2 hornets (Lair:6)
  5 hippogriffs
  Prince Ribbit (Lair:3)
  3 blink frogs (Lair:3)
  13 dream sheep
  12 wyverns
  Sigmund (D:2)
  3 redbacks
  A basilisk (Lair:6)
  8 yaks
  A hungry ghost (D:7)
  18 water moccasins
  5 porcupines
  2 sky beasts
  The ghost of DarkwingDuck the Skirmisher, an amateur MiMo (D:3)
  4 ice beasts
  14 orc warriors
  2 black bears
  A necrophage (D:5)
  An eye of draining (D:10)
  7 ogres
  2 phantoms (D:11)
  6 wolves (Lair:6)
  7 crocodiles
  4 centaurs
  13 big kobolds
  13 bullfrogs
  5 gnoll sergeants
  A wyvern skeleton (D:7)
  A water moccasin skeleton (D:9)
  5 scorpions
  17 killer bees
  A vampire bat (Lair:3)
  A crimson imp (D:3)
  A quasit (D:11)
  8 orc priests
  5 hounds
  A bullfrog skeleton (D:10)
  2 iguanas
  A jelly (D:10)
  19 orc wizards
  2 centaur skeletons
  A gnoll shaman (D:10)
  Natasha (thrice) (D:2)
  3 hell rats (Lair:5)
  5 worker ants
  A worker ant zombie (D:9)
  4 river rats (Lair:5)
  8 adders
  11 gnolls
  A shadow imp (D:8)
  An ooze (D:3)
  2 adder skeletons
  2 worms
  2 dart slugs
  8 leopard geckos
  71 orcs
  6 giant cockroaches
  8 goblins
  4 hobgoblins
  6 jackals
  A quokka (D:3)
  2 ball pythons (Sewer)
  15 bats
  2 frilled lizards (Sewer)
  33 kobolds
  A leopard gecko skeleton (D:4)
  A leopard gecko zombie (D:5)
  A quokka skeleton (D:8)
  12 rats
  4 fungi
  3 plants
536 creatures vanquished.

Vanquished Creatures (others)
  2 orc wizards
  37 fungi
  21 plants
60 creatures vanquished.

Grand Total: 596 creatures vanquished

Notes
Turn   | Place    | Note
-------+----------+-------------------------------------------
     0 | D:1      | Jojotehhead the Gargoyle Fighter began the quest for the Orb.
     0 | D:1      | Reached XP level 1. HP: 14/14 MP: 1/1
   142 | D:1      | Reached XP level 2. HP: 19/19 MP: 2/2
   829 | D:2      | Reached skill level 2 in Axes
   923 | D:2      | Reached XP level 3. HP: 5/24 MP: 3/3
  1171 | D:2      | Found a blossoming altar of Fedhas.
  1204 | D:2      | Noticed Natasha
  1213 | D:2      | Killed Natasha
  1213 | D:2      | Reached XP level 4. HP: 28/29 MP: 4/4
  1348 | D:2      | Noticed Natasha
  1369 | D:2      | Killed Natasha
  1376 | D:2      | Reached skill level 3 in Axes
  1457 | D:2      | Noticed Sigmund
  1467 | D:2      | Killed Sigmund
  1467 | D:2      | Reached skill level 4 in Axes
  1467 | D:2      | Reached XP level 5. HP: 7/33 MP: 5/5
  1467 | D:2      | Reached XP level 6. HP: 8/38 MP: 6/6
  1928 | D:2      | Noticed Natasha
  1939 | D:2      | Killed Natasha
  2256 | D:3      | Noticed DarkwingDuck's ghost (amateur MiMo)
  2299 | D:3      | Killed DarkwingDuck's ghost
  2406 | D:3      | Reached skill level 5 in Axes
  2406 | D:3      | Reached skill level 5 in Shields
  2406 | D:3      | Reached XP level 7. HP: 43/43 MP: 7/7
  2666 | D:3      | Found a glowing drain.
  2677 | Sewer    | Entered a sewer
  2788 | Sewer    | Reached skill level 6 in Axes
  2895 | Sewer    | Reached XP level 8. HP: 47/48 MP: 8/8
  3043 | D:4      | Found Goeth's Armour Emporium.
  3077 | D:4      | Found Fukirawk's Assorted Antiques.
  3268 | D:4      | Reached skill level 7 in Axes
  3351 | D:4      | Found Obruney's General Store.
  3377 | D:4      | Bought a +2 war axe of flaming for 201 gold pieces
  3391 | D:4      | Found Ziofriwk's Armour Shoppe.
  3430 | D:4      | Found a sparkling altar of Nemelex Xobeh.
  3452 | D:4      | Found a glowing golden altar of the Shining One.
  3470 | D:4      | Found a sacrificial altar of Ru.
  3543 | D:4      | Found a white marble altar of Elyvilon.
  3695 | D:4      | Found Hahiy's Antique Armour Emporium.
  3728 | D:5      | Entered Level 5 of the Dungeon
  3835 | D:5      | Found a stormy altar of Qazlal.
  3894 | D:5      | Reached skill level 5 in Armour
  4391 | D:5      | Became a worshipper of Qazlal Stormbringer
  4408 | D:6      | Reached skill level 8 in Axes
  4457 | D:6      | Reached XP level 9. HP: 52/52 MP: 9/9
  4489 | D:6      | Gained mutation: Your natural rate of healing is unusually fast. [mutagenic meat]
  4490 | D:6      | Gained mutation: Your muscles are strong. (Str +2) [mutagenic meat]
  4491 | D:6      | Gained mutation: Scrolls take you a little longer to read. [mutagenic meat]
  5094 | D:7      | Found an opulent altar of Gozag.
  5174 | D:7      | Reached skill level 9 in Axes
  5247 | D:7      | Paralysed by fainting for 11 turns
  5350 | D:7      | Reached skill level 5 in Fighting
  5351 | D:7      | Reached * piety under Qazlal
  5429 | D:7      | Found a staircase to the Ecumenical Temple.
  5793 | D:7      | Noticed kiwi3s's ghost (novice MiBe)
  6063 | D:8      | Reached skill level 10 in Axes
  6129 | D:8      | Noticed a two-headed ogre
  6139 | D:8      | Killed a two-headed ogre
  6139 | D:8      | Reached XP level 10. HP: 22/59 MP: 10/10
  6147 | D:8      | You fall through a shaft!
  6151 | D:9      | Noticed a two-headed ogre
  6178 | D:9      | Killed a two-headed ogre
  6354 | D:8      | Reached skill level 11 in Axes
  6425 | D:8      | Noticed a two-headed ogre
  6434 | D:8      | Killed a two-headed ogre
  6827 | D:9      | Reached ** piety under Qazlal
  7163 | D:10     | Entered Level 10 of the Dungeon
  7169 | D:10     | Noticed a two-headed ogre
  7195 | D:10     | Killed a two-headed ogre
  7195 | D:10     | Reached XP level 11. HP: 25/64 MP: 0/11
  7318 | D:10     | Found a staircase to the Lair.
  7323 | D:10     | Reached skill level 12 in Axes
  7434 | D:10     | Reached *** piety under Qazlal
  7457 | D:10     | Killed an unseen horror
  7776 | D:10     | Found Xaorullu's Distillery.
  7784 | D:10     | Bought a potion of heal wounds for 65 gold pieces
  7784 | D:10     | Bought a potion of curing for 39 gold pieces
  8112 | Lair:1   | Entered Level 1 of the Lair of Beasts
  8133 | Lair:1   | Reached skill level 13 in Axes
  8206 | Lair:1   | Noticed Gastronok
  8220 | Lair:1   | Killed Gastronok
  8725 | Lair:2   | Noticed a seven-headed hydra
  8726 | Lair:2   | Reached XP level 12. HP: 71/71 MP: 12/12
  8743 | Lair:2   | Killed a one-headed hydra
  8743 | Lair:2   | Reached **** piety under Qazlal
  8832 | Lair:2   | Noticed a four-headed hydra
  8837 | Lair:2   | Killed a one-headed hydra
  9468 | Lair:3   | Reached skill level 14 in Axes
  9589 | Lair:3   | Noticed Prince Ribbit
  9592 | Lair:3   | Noticed a seven-headed hydra
  9601 | Lair:3   | Killed a three-headed hydra
  9601 | Lair:3   | Reached skill level 10 in Shields
  9601 | Lair:3   | Killed Prince Ribbit
  9627 | Lair:3   | Found a shimmering altar of Xom.
  9654 | Lair:3   | Noticed a death yak
  9674 | Lair:3   | Killed a death yak
  9678 | Lair:3   | Noticed an eight-headed hydra
  9678 | Lair:3   | Got a slimy plate armour
  9688 | Lair:3   | Killed a two-headed hydra
  9700 | Lair:3   | Identified the +5 plate armour of Boredom {rCorr} (You found it on level 3 of the Lair of Beasts)
  9943 | Lair:3   | Found a dark tunnel.
 10144 | Lair:4   | Reached XP level 13. HP: 78/78 MP: 13/13
 10174 | Lair:4   | Reached skill level 15 in Axes
 10242 | Lair:4   | Found a hole to the Spider Nest.
 10414 | Lair:4   | Reached ***** piety under Qazlal
 10792 | Lair:4   | Found a staircase to the Shoals.
 11194 | Lair:5   | Found a staircase to the Slime Pits.
 11752 | Lair:6   | Entered Level 6 of the Lair of Beasts
 12231 | Lair:6   | Reached skill level 16 in Axes
 12324 | Lair:6   | Gained mutation: Your large and strong wings let you fly indefinitely. [Gargoyle growth]
 12324 | Lair:6   | Reached XP level 14. HP: 86/86 MP: 14/14
 12780 | Lair:6   | Reached skill level 10 in Fighting
 12790 | Lair:6   | Reached ****** piety under Qazlal
 13775 | D:11     | Gained mutation: You are partially covered in rugged brown scales. (AC +1, +3% HP) [mutagenic meat]
 13777 | D:11     | Gained mutation: Your muscles are very strong. (Str +4) [mutagenic meat]
 13778 | D:11     | Lost mutation: Your muscles are very strong. (Str +4) [mutagenic meat]
 13779 | D:11     | Lost mutation: Your natural rate of healing is unusually fast. [potion of mutation]
 13779 | D:11     | Lost mutation: Your muscles are strong. (Str +2) [potion of mutation]
 13779 | D:11     | Lost mutation: Scrolls take you a little longer to read. [potion of mutation]
 13779 | D:11     | Gained mutation: You are dopey. (Int -2) [potion of mutation]
 13779 | D:11     | Gained mutation: You expend magic power (3 MP) to strengthen your wands. [potion of mutation]
 13779 | D:11     | Lost mutation: You are dopey. (Int -2) [potion of mutation]
 13779 | D:11     | Gained mutation: You are resistant to hostile enchantments. (MR+) [potion of mutation]
 13780 | D:11     | Lost mutation: You are resistant to hostile enchantments. (MR+) [potion of mutation]
 13780 | D:11     | Lost mutation: You are partially covered in rugged brown scales. (AC +1, +3% HP) [potion of mutation]
 13780 | D:11     | Lost mutation: You expend magic power (3 MP) to strengthen your wands. [potion of mutation]
 13780 | D:11     | Gained mutation: You are agile. (Dex +2) [potion of mutation]
 13780 | D:11     | Gained mutation: Your spells are a little easier to cast, but a little less powerful. [potion of mutation]
 13780 | D:11     | Gained mutation: You have very sharp teeth. [potion of mutation]
 13787 | D:11     | Lost mutation: Your spells are a little easier to cast, but a little less powerful. [potion of mutation]
 13787 | D:11     | Lost mutation: You are agile. (Dex +2) [potion of mutation]
 13787 | D:11     | Lost mutation: You have very sharp teeth. [potion of mutation]
 13787 | D:11     | Gained mutation: Your natural rate of healing is unusually fast. [potion of mutation]
 13787 | D:11     | Lost mutation: Your natural rate of healing is unusually fast. [potion of mutation]
 13787 | D:11     | Gained mutation: You have supernaturally acute eyesight. (SInv) [potion of mutation]
 13904 | D:11     | Found a staircase to the Orcish Mines.
 14009 | Orc:1    | Entered Level 1 of the Orcish Mines
 14097 | Orc:2    | Entered Level 2 of the Orcish Mines
 14204 | Orc:1    | Noticed Harold
 14230 | Orc:1    | Killed from afar by an orc priest

Vault maps used:
D:1:      dpeg_arrival_lava_temple_mockup
D:2:      lemuel_crystal_altar, uniq_sigmund, uniq_natasha
D:3:      first_bread, portal_sewer_entry_d
D:4:      nicolae_overflow_quartered_altars, serial_shops,
          kennysheep_little_box, shop, shop, nicolae_shop_statue_plus, shop
D:5:      nicolae_qazlal_general_emergency
D:7:      grunt_gozag_statues, temple_green
D:10:     due_lair_maze_entry_diamond, serial_shops, shop, david_nohive_1,
          kennysheep_generic_room_3
D:11:     kennysheep_orc_monster_closet_entryway
Lair:1:   lemuel_fruit_tree, uniq_gastronok
Lair:2:   cheibrodos_lair_lostbears, infiniplex_staircase_pool_2
Lair:3:   nicolae_volcano_entry_hallway, basic_altar, roderic_batcave,
          uniq_prince_ribbit2
Lair:4:   beast_lair_carwin_large_2, elwin_shoals_entry_stream,
          spider_nest_entry_a
Lair:5:   slime_dummy, st_stairs_13, kennysheep_abandoned_house
Lair:6:   hangedman_lair_tendril_chambers, hangedman_lair_in_review,
          minmay_lair_oklob_chamber
Orc:1:    uniq_harold, uniq_josephine
Orc:2:    pubby_orc_utopia
Sewer:    kennysheep_pipe_town

Skill      XL: |  1  2  3  4  5  6  7  8  9 10 11 12 13 14 |
---------------+-------------------------------------------+-----
Axes           | 2 4 5 6 8 10 11 13 14 16 | 16.6
Shields        | 4 5 6 7 8 9 10 11 13 | 13.3
Fighting       | 4 5 6 8 9 11 | 11.1
Armour         | 4 5 6 7 8 9 |  9.9
Dodging        | |  0.1

Action                   |  1- 3 |  4- 6 |  7- 9 | 10-12 | 13-15 || total
-------------------------+-------+-------+-------+-------+-------++-------
Melee: War axe           |   118 |   175 |   422 |   530 |   662 ||  1907
       Battleaxe         |       |       |       |       |    78 ||    78
  Use: Potion            |       |     1 |     2 |     1 |     8 ||    12
       Scroll            |       |       |    10 |       |    23 ||    33
  Eat: Chunk             |     1 |     4 |    16 |     7 |    15 ||    43
       Bread ration      |       |       |     1 |       |       ||     1
       Meat ration       |       |       |       |     1 |     1 ||     2
Armor: Scale mail        |    34 |       |       |       |       ||    34
       Plate armour      |    59 |   133 |   296 |   253 |   462 ||  1203
       Skin              |       |    14 |       |       |       ||    14
Dodge: Dodged            |    32 |    29 |    67 |    71 |   147 ||   346
       Deflected         |       |       |       |       |    11 ||    11
Block: Shield            |    53 |   113 |   257 |   384 |   563 ||  1370
       Other             |       |       |       |       |    33 ||    33
